 Dungeon Crawl Stone Soup version 0.27.1-4-g1640c2035a (webtiles) character file.

Game seed: 2409164711405300617

30 Johnny the Slasher (level 3, -2/29 HPs)
             Began as a Human Berserker on Nov 2, 2021.
             Was a Follower of Trog.
             Slain by a kobold (4 damage)
             ... on level 2 of the Dungeon.
             The game lasted 00:00:41 (1318 turns).

Johnny the Slasher (Human Berserker)                Turns: 1318, Time: 00:00:41

Health: -2/29      AC:  2    Str: 18    XL:     3   Next: 35%
Magic:  3/3        EV: 12    Int:  7    God:    Trog [*.....]
Gold:   39         SH:  0    Dex: 12    Spells: 2/2 levels left

rFire    . . .     SeeInvis .   a - +0 falchion
rCold    . . .     Faith    .   (no shield)
rNeg     . . .     Spirit   .   b - +0 animal skin
rPois    .         Reflect  .   (no helmet)
rElec    .         Harm     .   (no cloak)
rCorr    .         Rampage  .   (no gloves)
Will     .....                  (no boots)
Stlth    +.........             (no amulet)
HPRegen  0.09/turn              (no ring)
MPRegen  0.08/turn              (no ring)

@: on berserk cooldown, slowed, very slow
A: no striking features
a: Renounce Religion, Berserk


You were on level 2 of the Dungeon.
You worshipped Trog.
Trog was aware of your devotion.
You visited 1 branch of the dungeon, and saw 2 of its levels.

You collected 39 gold pieces.

Inventory:

Hand Weapons
 a - a +0 falchion (weapon)
Armour
 b - a +0 animal skin (worn)
Jewellery
 g - a +6 ring of intelligence
Scrolls
 c - a scroll of identify {unknown}
 d - a scroll of vulnerability {unknown}
 e - a scroll of teleportation {unknown}
 f - a scroll of enchant armour {unknown}
 h - a scroll of immolation {unknown}


   Skills:
 + Level 3.4 Fighting
 * Level 3.9 Long Blades
 - Level 2.0 Armour
 - Level 2.0 Dodging


You had 2 spell levels left.
You didn't know any spells.
Your spell library was empty.

Dungeon Overview and Level Annotations

Branches:
Dungeon (2/15)

Altars:


Message History

A gnoll comes into view. It is wielding a +0 halberd.
You are too injured to fight recklessly!
A red film seems to cover your vision as you go berserk!
You feel yourself moving faster!
You feel mighty!
You slash the worm!
The worm is severely wounded.
The worm bites you.
You slash the worm!
You kill the worm!
Trog accepts your kill.
You see here a worm corpse.
You feel a strong urge to attack something.
You feel your anger nearly subside.
You are no longer berserk.
You are exhausted.
You feel yourself slow down.
Really walk into that teleport trap?
You enter a teleport trap!
The teleport trap disappears.
Your surroundings suddenly seem different.
A kobold comes into view. It is wielding a +0 short sword.
A gnoll comes into view.
It is wielding a +1 flail of holy wrath.
The gnoll barely misses you.
Okay, then.
An adder comes into view.
Found 9 gold pieces.
The adder hisses angrily.
Found a stone staircase leading up.
The kobold shouts!
You hear a shout! x2
A goblin comes into view. It is wielding a +0 club.
A quokka comes into view.
The gnoll closely misses you.
The goblin moves out of view.
A goblin comes into view. It is wielding a +0 club.
The goblin shouts!
The adder bites you. The adder misses you.
The goblin moves out of view.
You see here 8 gold pieces.
The adder barely misses you. x2
The gnoll hits you from afar with a +0 halberd!
* * * LOW HITPOINT WARNING * * *
The adder bites you but does no damage. The adder misses you.
The kobold hits you with a +0 short sword.
You die...

#......#.#######
####.##.....#
#.##.###..... ### #..#.#
###. # ...###...## #..
##..####..# ....
..........#### .....
##...†...†...#####..<#.#
........##.g..gK@..$....
#...g...#.....gS##...##.
####g#..............##
#.###...$....##..# ..
..........# .#
.#..##......... g. ....
##......... .
#.......#..


You could see 3 gnolls, an adder and a kobold.

Vanquished Creatures
  A worm (D:2)
  2 bats (D:1)
  2 endoplasms (D:1)
  2 goblins
  4 hobgoblins (D:1)
  4 jackals (D:1)
  A kobold (D:1)
  2 quokkas (D:2)
  2 ball pythons
  3 rats (D:1)
23 creatures vanquished.

Notes
Turn   | Place    | Note
-------+----------+-------------------------------------------
     0 | D:1      | Johnny the Human Berserker began the quest for the Orb.
     0 | D:1      | Reached XP level 1. HP: 18/18 MP: 1/1
   244 | D:1      | Reached XP level 2. HP: 24/24 MP: 2/2
   826 | D:1      | Reached XP level 3. HP: 29/29 MP: 3/3
  1318 | D:2      | Slain by a kobold

Illustrated notes

Levels and vault maps discovered:
D:1:      nzn_arrival_crosshair, layout_basic
D:2:      layout_rooms, shapermc_ecumenical_altar_mp_urbaneastern, uniq_robin

Action                   || total
-------------------------++-------
Melee: Falchion          ||    71
Invok: Berserk           ||     2
Armor: Animal skin       ||    11
Dodge: Dodged            ||    55
       Rpst.: Falchion   ||    16
